Map: Selva profunda EE

Players

TATORREA - Winner!

  • Race: Protoss Protoss
  • League: Gold
  • Spawn Location: 7:00

tigro - Winner!

  • Race: Terran Terran
  • League: Bronze
  • Spawn Location: 7:00

MrFercho - Winner!

  • Race: Zerg Zerg
  • League: Silver
  • Spawn Location: 7:00

barbarian

  • Race: Protoss Protoss
  • League: Gold
  • Spawn Location: 3:00

YeetRSkeetR

  • Race: Protoss Protoss
  • Spawn Location: 1:00

Towel

  • Race: Zerg Zerg
  • Spawn Location: 1:00

VOD

Have the link to the VOD?

Description

Time

  • Played on: June 30, 2020, 10:30 p.m.
  • Length: 11:48
Show
View Real Time Build Order
Export as new Build Order

TATORREA Protoss - Winner!

Build Orders:  

Get SALT Encoding   

  12  0:03  Probe  
  13  0:15  Probe  
  14  0:26  Pylon  
  14  0:27  Probe  
  15  0:44  Probe  
  15  0:47  Gateway  
  16  0:56  Probe  
  17  1:07  Assimilator  
  17  1:08  Probe  
  18  1:12  Pylon  
  18  1:20  Probe  
  19  1:43  Probe  
  19  2:06  Cybernetics Core  
  19  2:09  Nexus  
  19  2:11  Pylon  
  19  2:12  Probe  
  19  2:14  Gateway  
  20  2:22  Assimilator  
  20  2:24  Probe  
  21  2:36  Probe  
  22  2:48  Probe  
  23  2:54  Robotics Facility  
  23  2:55  Stalker  
  23  2:57  Warp Gate  
  25  3:00  Probe  
  25  3:03  Zealot  
  28  3:08  Probe  
  29  3:16  Probe  
  30  3:27  Probe  
  30  3:28  Probe  
  32  3:38  Stalker, Pylon  
  34  3:41  Pylon  
  34  3:42  Sentry  
  34  3:43  Probe  
  34  3:44  Pylon, Probe  
  38  3:50  Observer  
  39  4:01  Probe  
  40  4:04  Probe  
  40  4:06  Immortal  
  41  4:16  Assimilator, Probe x2  
  47  4:18  Assimilator  
  47  4:30  Probe  
  49  4:31  Probe  
  49  4:41  Immortal  
  49  4:42  Probe  
  49  4:43  Probe  
  55  4:51  Stalker x2  
  59  4:54  Probe  
  59  4:55  Probe  
  61  5:06  Probe  
  62  5:07  Probe  
  62  5:10  Gateway  
  63  5:15  Stalker  
  63  5:16  Stalker  
  57  5:56  Stalker x2  
  59  6:10  Stalker  
  61  6:21  Probe x2  
  63  6:33  Probe x2  
  65  6:43  Gateway  
  65  6:45  Gateway, Nexus  
  65  6:47  Gateway, Pylon  
  65  6:50  Gateway, Pylon  
  65  6:52  Gateway, Probe x2  
  67  6:55  Gateway  
  67  6:58  Pylon  
  67  7:01  Pylon  
  67  7:04  Probe x2  
  67  7:05  Pylon  
  67  7:08  Pylon  
  69  7:16  Robotics Bay, Probe  
  69  7:19  Forge  
  69  7:22  Forge  
  70  7:23  Twilight Council  
  70  7:25  Forge, Probe  
  70  7:28  Probe  
  72  7:30  Observer  
  73  7:37  Probe  
  74  7:51  Immortal  
  78  8:01  Assimilator  
  78  8:02  Probe x2  
  78  8:03  Assimilator, Probe  
  81  8:08  Stalker  
  83  8:13  Nexus  
  83  8:14  Probe  
  83  8:15  Probe  
  83  8:16  Pylon  
  83  8:18  Pylon  
  85  8:22  Probe  
  85  8:26  Protoss Ground Armor Level 1, Probe, Protoss Ground Weapons Level 1  
  85  8:27  Probe, Protoss Shields Level 1  
  88  8:33  Blink  
  88  8:38  Extended Thermal Lance  
  88  8:41  Colossus  
  88  8:44  Probe x3  
  97  8:57  Probe x2  
  97  8:58  Probe  
  100  9:15  Probe x3  
  103  9:24  Nexus  
  103  9:27  Stalker, Pylon, Probe x3  
  103  9:28  Stalker x4  
  103  9:29  Stalker  
  103  9:30  Pylon  
  118  9:45  Stalker x3  
  122  9:51  Stalker  
  122  9:52  Stalker x4  
  132  9:53  Stalker  
  136  10:08  Probe  
  136  10:09  Probe x3  
  140  10:24  Assimilator  
  140  10:27  Assimilator  
  140  10:42  Colossus  
  146  10:47  Stalker x4  
  146  10:48  Stalker x4  
  162  11:01  Gateway  
  162  11:02  Gateway  
  162  11:05  Gateway  
  162  11:06  Gateway  
  162  11:07  Gateway  
  162  11:19  Gateway x2, Probe x2  
  162  11:21  Gateway  
  164  11:31  Stalker  
  164  11:32  Stalker x3  
  170  11:33  Stalker x2  
  170  11:34  Stalker x2  
  170  11:35  Stalker  
Show
View Real Time Build Order
Export as new Build Order

tigro Terran - Winner!

Build Orders:  

Get SALT Encoding   

  12  0:03  SCV  
  13  0:15  SCV  
  14  0:27  SCV  
  15  0:30  Supply Depot  
  15  0:31  Refinery  
  15  0:52  SCV  
  16  1:07  Barracks  
  16  1:08  SCV  
  17  1:17  Refinery  
  17  1:20  SCV  
  18  1:32  SCV  
  19  1:44  SCV  
  20  1:49  Supply Depot  
  20  1:55  Marine  
  20  1:56  SCV  
  22  2:08  SCV  
  22  2:10  Barracks  
  22  2:13  Marine  
  24  2:20  SCV  
  25  2:31  Marine  
  25  2:33  Orbital Command  
  26  2:41  Engineering Bay  
  26  2:49  Marine  
  27  2:59  Barracks Reactor  
  27  3:04  Factory  
  27  3:07  Marine  
  28  3:18  Terran Infantry Weapons Level 1  
  28  3:25  Barracks Tech Lab  
  28  3:38  Marine  
  28  3:39  Marine  
  30  3:44  Combat Shield  
  30  3:56  Marine  
  30  3:57  Marine, Factory Tech Lab  
  32  4:09  Starport  
  32  4:14  Marine x2  
  34  4:24  Siege Tank  
  37  4:32  Marine x2  
  39  4:46  Starport  
  39  5:03  Stimpack  
  39  5:11  Supply Depot  
  39  5:12  Terran Infantry Armor Level 1  
  39  5:32  Medivac, Marine x3  
  44  5:42  Supply Depot  
  44  5:50  Marine x3  
  47  6:08  Marine x3  
  50  6:26  Marine x3  
  50  6:30  Supply Depot  
  53  6:38  Command Center  
  53  6:43  Marine  
  53  6:45  Starport Tech Lab x2  
  54  7:10  Marine x3  
  57  7:19  Refinery, Neosteel Armor  
  57  7:26  Refinery  
  57  7:28  Marine x3, Fusion Core  
  60  7:46  Medivac, Marine x3  
  65  7:53  SCV  
  66  8:03  Marine  
  66  8:04  Marine x2  
  66  8:05  SCV  
  70  8:16  Armory  
  70  8:21  Marine  
  70  8:26  Weapon Refit  
  71  8:31  SCV  
  72  8:43  SCV  
  73  8:55  SCV  
  74  9:07  SCV  
  75  9:19  Terran Infantry Weapons Level 2  
  75  9:20  SCV  
  76  9:32  SCV  
  77  9:44  SCV  
  78  9:56  SCV  
  79  10:06  Rapid Reignition System  
  79  10:08  SCV  
  67  10:38  Marine  
  67  10:39  Marine x2  
  64  10:56  Marine x2  
  64  10:57  Marine  
  58  11:14  Marine x3  
Show
View Real Time Build Order
Export as new Build Order

MrFercho Zerg - Winner!

Build Orders: Pool First 

Get SALT Encoding   

  12  0:02  Drone  
  13  0:13  Overlord  
  13  0:27  Drone  
  14  0:37  Spawning Pool  
  14  0:39  Extractor  
  14  0:40  Drone  
  13  0:45  Drone  
  13  0:49  Drone  
  15  1:12  Drone  
  15  1:13  Drone  
  17  1:25  Zergling x4  
  19  1:36  Zergling x2  
  20  1:40  Queen  
  20  1:43  Metabolic Boost  
  22  2:23  Lair  
  22  2:26  Overlord x2  
  22  2:28  Hatchery  
  21  2:30  Drone  
  22  2:46  Zergling x2  
  23  2:54  Zergling x4  
  23  2:55  Zergling x4  
  27  3:07  Drone  
  27  3:10  Evolution Chamber  
  27  3:23  Drone  
  28  3:34  Drone  
  28  3:37  Drone  
  30  3:44  Drone  
  31  3:49  Queen  
  31  3:51  Drone x3  
  36  3:58  Drone  
  36  3:59  Drone  
  38  4:16  Zergling x8  
  35  4:35  Zergling x2  
  35  4:36  Zergling x8  
  40  4:43  Baneling Nest  
  40  4:44  Zerg Melee Weapons Level 1  
  40  4:45  Spire  
  38  4:48  Drone x2  
  38  4:49  Evolution Chamber  
  39  4:56  Drone  
  40  5:09  Burrow  
  40  5:35  Zergling x14  
  41  5:39  Overlord x2  
  38  6:02  Hatchery, Mutalisk  
  38  6:03  Extractor  
  38  6:25  Baneling x4  
  38  6:27  Baneling  
  38  6:38  Drone x9  
  47  7:14  Hydralisk Den  
  46  7:17  Drone x7  
  46  7:20  Extractor  
  52  7:22  Extractor  
  51  7:30  Zergling x10  
  51  7:36  Mutalisk  
  51  7:37  Mutalisk  
  60  7:50  Infestation Pit  
  59  7:53  Drone x4  
  59  7:54  Overlord x3, Drone x2  
  65  8:09  Hatchery  
  65  8:12  Extractor  
  63  8:14  Extractor  
  63  8:17  Hatchery  
  63  8:18  Mutalisk  
  63  8:30  Drone x4  
  63  8:31  Drone x9  
  76  8:54  Baneling x10  
  76  9:15  Spore Crawler  
  75  9:17  Spore Crawler  
  74  9:37  Spore Crawler  
  73  10:04  Zergling x10  
  73  10:05  Zergling x46  
  101  10:10  Hive  
  101  10:11  Muscular Augments  
  86  10:57  Zergling x2  
  86  10:58  Zergling x28  
  97  11:17  Mutalisk x3  
  101  11:21  Overlord x4  
  101  11:22  Overlord x2  
Show
View Real Time Build Order
Export as new Build Order

barbarian Protoss 

Build Orders:  

Get SALT Encoding   

  12  0:02  Probe  
  13  0:33  Pylon  
  13  0:36  Probe  
  14  0:44  Assimilator, Probe  
  15  0:54  Probe  
  16  0:57  Gateway  
  16  1:06  Probe  
  16  1:08  Gateway  
  18  1:18  Probe  
  18  1:19  Gateway  
  18  1:49  Assimilator  
  18  2:10  Gateway  
  18  2:12  Pylon  
  18  2:25  Pylon  
  18  2:31  Cybernetics Core  
  18  2:35  Pylon  
  18  2:43  Zealot  
  20  2:44  Zealot x2  
  24  2:57  Zealot  
  26  3:01  Pylon  
  26  3:11  Zealot  
  28  3:39  Stalker  
  28  3:40  Stalker x2  
  34  3:45  Probe  
  34  3:53  Probe  
  36  4:03  Probe  
  37  4:10  Stalker x2  
  37  4:15  Probe  
  42  4:20  Stalker  
  44  4:36  Stalker  
  46  4:40  Stalker  
  48  4:51  Twilight Council  
  48  4:55  Zealot  
  48  4:56  Zealot  
  52  5:17  Stalker  
  54  5:28  Charge  
  54  5:33  Stalker  
  54  5:35  Stalker  
  44  6:15  Nexus  
  44  6:18  Assimilator  
  44  6:19  Probe  
  44  6:22  Assimilator  
  45  6:27  Probe  
  46  6:36  Probe  
  47  6:47  Probe  
  47  6:49  Zealot x3  
  54  6:55  Probe  
  55  7:09  Pylon  
  55  7:12  Pylon  
  55  7:23  Probe  
  55  7:27  Stalker, Zealot  
  55  7:29  Probe  
  60  7:31  Probe  
  62  7:37  Probe  
  62  7:41  Probe  
  64  7:47  Probe  
  65  7:53  Probe  
  67  8:05  Probe  
  67  8:14  Assimilator  
  67  8:16  Probe  
  67  8:17  Nexus  
  67  8:19  Assimilator, Probe  
  69  8:24  Pylon  
  69  8:31  Probe  
  69  8:33  Pylon  
  70  8:36  Probe  
  71  8:43  Probe  
  71  8:46  Probe  
  72  8:54  Probe  
  72  8:55  Pylon, Probe  
  74  8:59  Stargate  
  74  9:01  Stargate  
  75  9:03  Probe  
  75  9:07  Probe  
  77  9:15  Probe  
  77  9:16  Stargate  
  78  9:17  Stargate  
  78  9:19  Probe  
  79  9:27  Probe  
  79  9:29  Probe  
  80  9:31  Probe  
  80  9:38  Probe  
  82  9:39  Probe  
  82  9:43  Probe  
  85  9:46  Probe  
  85  9:51  Probe  
  87  9:55  Probe  
  87  9:56  Probe  
  85  10:03  Probe  
  87  10:07  Probe  
  87  10:08  Probe  
  86  10:15  Probe  
  86  10:19  Probe  
  86  10:20  Probe  
  85  10:27  Probe  
Show
View Real Time Build Order
Export as new Build Order

YeetRSkeetR Protoss 

Build Orders:  

Get SALT Encoding   

  12  0:10  Probe  
  13  0:23  Probe  
  14  0:39  Pylon  
  14  0:47  Assimilator  
  14  0:53  Assimilator  
  14  1:33  Nexus  
  14  1:43  Probe  
  15  1:55  Probe  
  16  2:07  Probe  
  17  2:25  Assimilator  
  17  2:30  Assimilator  
  17  2:37  Pylon  
  17  2:40  Pylon  
  17  2:43  Pylon  
  17  2:58  Gateway  
  17  3:38  Forge  
  17  4:00  Probe  
  18  4:12  Probe  
  18  4:15  Zealot  
  21  4:24  Probe  
  21  4:28  Protoss Ground Weapons Level 1  
  22  4:36  Probe  
  24  4:38  Probe  
  24  4:42  Zealot  
  26  4:48  Probe  
  26  4:50  Probe  
  28  5:02  Probe  
  29  5:09  Zealot  
  29  5:12  Probe  
  32  5:14  Probe  
  33  5:27  Probe  
  34  5:36  Zealot  
  36  5:45  Pylon  
  36  5:47  Pylon  
  36  5:49  Pylon  
  36  5:51  Pylon  
  36  5:53  Pylon  
  36  5:55  Pylon  
  36  5:56  Pylon  
  36  5:58  Pylon  
  36  6:00  Pylon  
  36  6:03  Zealot  
  38  6:27  Probe  
  38  6:31  Zealot  
  41  6:36  Protoss Ground Armor Level 1  
  41  6:39  Probe  
  42  6:51  Probe, Cybernetics Core  
  43  6:58  Zealot  
  45  7:03  Probe  
  46  7:15  Probe  
  47  7:27  Probe  
  47  7:28  Pylon  
  48  7:35  Pylon  
  48  7:36  Pylon  
  48  7:39  Pylon, Probe  
  49  7:51  Stalker, Probe  
  52  8:03  Probe  
  53  8:11  Protoss Air Weapons Level 1  
  53  8:17  Probe  
  54  8:21  Stalker  
  56  8:29  Probe  
  57  8:41  Probe  
  57  8:44  Gateway  
  57  8:45  Protoss Shields Level 1  
  58  8:49  Gateway  
  58  8:51  Gateway, Stalker  
  58  8:53  Gateway, Probe  
  61  9:05  Probe  
  62  9:21  Stalker  
  64  9:51  Stalker  
  48  10:29  Stalker x5  
  27  10:58  Stalker  
  27  10:59  Stalker x4  
Show
View Real Time Build Order
Export as new Build Order

Towel Zerg 

Build Orders: Pool First 

Get SALT Encoding   

  12  0:14  Drone  
  13  0:15  Drone  
  14  0:31  Spawning Pool  
  14  0:33  Extractor  
  12  0:38  Drone  
  12  0:41  Drone  
  14  0:46  Extractor  
  14  0:47  Drone  
  14  0:57  Overlord  
  14  1:16  Drone x2  
  16  1:26  Drone  
  16  1:29  Queen  
  19  1:34  Drone  
  20  1:45  Drone  
  20  2:08  Drone  
  21  2:11  Zergling x2  
  22  2:22  Hatchery  
  21  2:25  Drone  
  22  2:43  Overlord  
  22  2:44  Overlord  
  22  2:46  Overlord  
  22  2:58  Extractor  
  22  2:59  Zergling x2  
  22  3:01  Extractor  
  22  3:02  Lair  
  21  3:08  Zergling x2  
  22  3:22  Zergling x2  
  22  3:23  Zergling x4  
  25  3:35  Zergling x6  
  28  3:57  Drone x4  
  28  3:59  Zergling x2  
  33  4:09  Zergling x4  
  33  4:27  Zergling x2  
  33  4:28  Zergling x6  
  36  4:32  Drone  
  37  4:40  Pneumatized Carapace  
  37  4:52  Zergling x6  
  40  4:55  Zergling x2  
  41  5:05  Zergling x4  
  43  5:21  Zergling x2  
  43  5:22  Zergling x4  
  46  5:34  Zergling x2  
  46  5:35  Zergling x4  
  49  5:40  Hydralisk Den  
  36  5:53  Zergling x10  
  39  6:00  Zergling x2  
  40  6:08  Zergling x4  
  42  6:14  Zergling x4  
  44  6:26  Hydralisk  
  44  6:31  Hydralisk  
  48  6:39  Zergling x4  
  50  6:43  Hydralisk  
  52  7:20  Hatchery  
  51  7:23  Drone  
  52  7:34  Overlord x2  
  52  7:38  Overseer x2  
  52  7:56  Hydralisk x2  
  56  8:03  Hydralisk  
  58  8:09  Hydralisk  
  60  8:13  Hydralisk  
  63  8:20  Drone x2  
  63  8:25  Drone  
  65  8:34  Drone  
  65  8:39  Drone x3  
  69  8:45  Overseer  
  69  8:47  Overseer  
  69  8:54  Hydralisk  
  71  9:39  Drone x3  
  71  9:41  Overlord x4  
  50  10:26  Zergling x10  
  50  10:27  Zergling x2  
  38  10:34  Drone x2  
  38  10:35  Baneling Nest, Drone  
  40  10:42  Drone x3  
  43  10:49  Drone, Hydralisk x2  
  46  10:59  Zergling x2  
  46  11:04  Zergling x4  
  45  11:09  Hydralisk  
Tags
 
Add a new tag
Caveats
  • Supply blocks, unpowered buildings, or Contaminate may cause inaccurate times.
  • Supply counts are checked every 10 seconds.